Cogmind - Beta 12 @@@ ROGUE MODE // 2023.09.05 @ 05:31:18 Player: haldagan Result: Destroyed by S-10 Pest with Light Assault Rifle Performance ------------- Evolutions (0) 0 Regions Visited (4) 800 Robots Destroyed (27) 135 Value Destroyed (469) 469 Prototype IDs (0) 0 Alien Tech Used (0) 0 Bonus (0) 0 TOTAL SCORE: 1404 Bonus ------- None Cogmind --------- Core Integrity 0/250 Matter 258/300 Energy 125/125 System Corruption 1% Temperature Cool (0) Movement Walking (820) Ox10 Location -9/Mines Parts ------- > --- POWER (1) -------- Light Ion Engine > --- PROPULSION (2) --- Aluminum Leg Aluminum Leg > --- UTILITY (2) ------ Humpback > --- WEAPON (2) ------- Light Assault Rifle Light Assault Rifle > --- INVENTORY (35) --- Light Ion Engine Light Ion Engine Light Nuclear Core Large Storage Unit Large Storage Unit Large Storage Unit High-capacity Battery (250) ECM Suite Core Shielding Weapon Shielding Weapon Shielding Particle Gun Assault Rifle Light Assault Rifle Mining Laser Hammer Mining Claw Peak State ------------ > --- POWER ------------ Light Ion Engine > --- PROPULSION ------- Aluminum Leg Aluminum Leg > --- UTILITY ---------- Large Storage Unit Signal Interpreter > --- WEAPON ----------- Light Assault Rifle Rocket Launcher > --- INVENTORY -------- Light Ion Engine Light Nuclear Core Aluminum Leg Large Storage Unit Large Storage Unit ECM Suite Core Shielding Weapon Shielding Weapon Shielding Particle Gun Assault Rifle Light Assault Rifle Light Assault Rifle Mining Laser Mining Claw [Rating: 9] Favorites ----------- Power Light Ion Engine Engine Light Ion Engine Propulsion Aluminum Leg Treads Light Treads Leg Aluminum Leg Wheel Compact Wheel Utility Humpback Storage Humpback Processor Signal Interpreter Protection Core Shielding Weapon Light Assault Rifle Energy Gun Medium Laser Ballistic Gun Light Assault Rifle Launcher Rocket Launcher Build | -11 -10 -10 -10 -9 ------- Run | Jun Mat Min Exi Min Slots Evolved . | . . . . . Power . | . . . . . Propulsion . | . . . . . Utility . | . . . . . Weapon . | . . . . . Parts Attached 28 | 6 13 8 1 . Power 4 | 1 2 1 . . Engine 4 | 1 2 1 . . Core . | . . . . . Reactor . | . . . . . Propulsion 9 | 2 4 3 . . Treads 3 | . 3 . . . Leg 3 | . . 3 . . Wheel 3 | 2 1 . . . Hover . | . . . . . Flight . | . . . . . Utility 6 | 1 4 . 1 . Device . | . . . . . Storage 4 | 1 2 . 1 . Processor 1 | . 1 . . . Hackware . | . . . . . Protection 1 | . 1 . . . Artifact . | . . . . . Weapon 9 | 2 3 4 . . Energy Gun 2 | 2 . . . . Energy Cannon . | . . . . . Ballistic Gun 6 | . 3 3 . . Ballistic Cannon . | . . . . . Launcher 1 | . . 1 . . Special Weapon . | . . . . . Impact Weapon . | . . . . . Slashing Weapon . | . . . . . Piercing Weapon . | . . . . . Special Melee Weapon . | . . . . . Unidentified Prototypes . | . . . . . Parts Lost 4 | . 3 1 . . Power 1 | . 1 . . . Propulsion 2 | . 1 1 . . Utility . | . . . . . Weapon 1 | . 1 . . . Highest Loss Streak 3 | . 3 1 . . To Critical Strikes . | . . . . . Average Slot Usage (%) 92 | . 98 99 86 85 Engine 13 | . 13 14 14 14 Treads 8 | . 23 1 . . Leg 18 | . . 26 28 28 Wheel 1 | . 4 . . . Storage 15 | . 17 14 14 14 Processor 5 | . 7 14 1 . Energy Gun 1 | . 5 . . . Ballistic Gun 26 | . 22 27 28 28 Naked Turns . | . . . . . Heaviest Build 205 | 14 27 28 205 . Greatest Support 40 | 32 40 20 20 . Greatest Overweight (x) 10 | 1 . 1 10 . Average Overweight (x) 1 | . . 1 7 . Largest Inventory Capacity 35 | 8 15 15 35 35 Average Capacity 23 | 7 12 15 33 35 Most Carried 17 | 8 15 15 17 17 Average Carried 13 | 4 10 14 15 17 Final Capacity 35 | 8 15 15 35 35 Final Carried 17 | 6 15 15 17 17 Class Distribution -------------------- 46% | Hauler-Mutant 38% | Mutant 14% | Scavenger-Mutant Dominant Class ---------------- Mutant | -10/Materials Mutant | -10/Mines Hauler-Mutant | -10/Exiles Hauler-Mutant | -9/Mines Resources | -11 -10 -10 -10 -9 ----------- Run | Jun Mat Min Exi Min Matter Collected 619 | 183 275 161 . . Remotely . | . . . . . Salvage Created 575 | . 401 174 . . Parts 48 | . 29 19 . . Haulers Intercepted . | . . . . . Recyclers Shooed 4 | . 4 . . . Parts Field Recycled . | . . . . . Retrieved Matter . | . . . . . Parts Self-Destructed . | . . . . . Prevented . | . . . . . Kills | -11 -10 -10 -10 -9 ------- Run | Jun Mat Min Exi Min Combat Hostiles Destroyed 24 | . 14 10 . . Guns 21 | . 13 8 . . AOE 3 | . 1 2 . . Classes Destroyed 4 | . 4 . . . Operator 1 | . 1 . . . Watcher 2 | . 2 . . . Swarmer 17 | . 9 8 . . Grunt 7 | . 5 2 . . Best Kill Streak 3 | . 3 3 . . Combat Bots Only 3 | . 3 3 . . Max Kills in Single Turn 2 | . 1 2 . . Gunslinging 1 | . . 1 . . Exploded 1 | . 1 1 . . Melee . | . . . . . Uniques/NPCs Destroyed . | . . . . . Combat | -11 -10 -10 -10 -9 -------- Run | Jun Mat Min Exi Min Damage Taken 1222 | . 670 470 . 82 Core 258 | . 104 133 . 21 Absorbed by Shields . | . . . . . Regen/Repaired (Parts) 63 | . 63 . . . Core Remaining (%) 100 | 100 . . . . Volleys Fired 92 | . 65 24 . 3 Largest 2 | . 2 2 . 2 Hottest 90 | . 90 53 . 40 Shots Fired 181 | . 128 47 . 6 Gun 178 | . 128 44 . 6 Cannon . | . . . . . Launcher 3 | . . 3 . . Special . | . . . . . Kinetic 134 | . 84 44 . 6 Thermal 32 | . 32 . . . Explosive 3 | . . 3 . . Electromagnetic 12 | . 12 . . . Robot Hit Streak 6 | . 6 6 . 2 Robot Miss Streak 7 | . 7 2 . 2 Penetration Max . | . . . . . Secondary Targets 2 | . . 2 . . Max Gunslinging Chain 1 | . . 1 . . Shots Hit Robots 99 | . 67 29 . 3 Core Hits 43 | . 26 16 . 1 Critical Kills . | . . . . . Critical Parts Destroyed . | . . . . . Critical Strikes 3 | . 3 . . . Burn 3 | . 3 . . . Melee Attacks . | . . . . . Impact . | . . . . . Slashing . | . . . . . Piercing . | . . . . . Sneak Attacks . | . . . . . Combat Hostiles . | . . . . . Follow-up Attacks . | . . . . . Damage Inflicted 1197 | . 709 464 . 24 Guns 957 | . 675 258 . 24 Cannons . | . . . . . Explosions 240 | . 34 206 . . Melee . | . . . . . Ramming . | . . . . . Kinetic 621 | . 339 258 . 24 Thermal 301 | . 301 . . . Explosive 206 | . . 206 . . Electromagnetic 69 | . 69 . . . Impact . | . . . . . Slashing . | . . . . . Piercing . | . . . . . Highest Corruption 1 | . 1 1 1 1 Average Corruption 1 | . 1 1 1 1 Corruption Purged . | . . . . . Corruption Blocked . | . . . . . Effects 24 | . 3 5 16 . Message Errors 7 | . 1 1 5 . Matter Fused 4 | . . 1 3 . Heat Flow Errors 1 | . . 1 . . Energy Discharges 4 | . . 1 3 . Parts Fused 1 | . 1 . . . Data Loss (minor) 4 | . 1 . 3 . Data Loss (major) 2 | . . . 2 . Weapon Failures 1 | . . 1 . . Overload Shots . | . . . . . Overflow Damage 55 | . 14 41 . . Projectiles . | . . . . . Explosions 55 | . 14 41 . . Melee . | . . . . . Knockbacks . | . . . . . Impact . | . . . . . Kinetic . | . . . . . Secondary . | . . . . . Self-Inflicted Damage 99 | . 33 66 . . Shots 3 | . 1 2 . . Rammed . | . . . . . Targets Rammed . | . . . . . Kicked . | . . . . . Crushed . | . . . . . Highest Temperature 274 | . 274 167 . . Average Temperature 78 | . 91 32 . . Received Heat Transfer 225 | . 132 93 . . Effects 2 | . 2 . . . Energy Bleed 1 | . 1 . . . Interference 1 | . 1 . . . Siege Activations . | . . . . . Robots Corrupted . | . . . . . Combat Hostiles . | . . . . . Parts Fried . | . . . . . Impact Corruptions . | . . . . . Robots Melted . | . . . . . Combat Hostiles . | . . . . . Parts Melted 2 | . 2 . . . Heat Transferred 999 | . 999 . . . Parts Sabotaged . | . . . . . Parts Stolen . | . . . . . Parts Stripped . | . . . . . Power Chain Reactions 1 | . 1 . . . Missiles Intercepted . | . . . . . Alert | -11 -10 -10 -10 -9 ------- Run | Jun Mat Min Exi Min Peak Influence 180 | . 180 162 . . Initial 38 | . . 38 . . Average 81 | . 76 99 . . Maximum Alert Level . | . . . . . Low Security (%) 100 | 100 100 100 . 100 Level 1 . | . . . . . Level 2 . | . . . . . Level 3 . | . . . . . Level 4 . | . . . . . Level 5 . | . . . . . High Security . | . . . . . Max Security . | . . . . . Squads Dispatched 2 | . 2 . . . Investigation 1 | . 1 . . . Extermination . | . . . . . Reinforcement 1 | . 1 . . . Assault . | . . . . . Garrison . | . . . . . Intercept . | . . . . . Searches Triggered . | . . . . . Construction Impeded . | . . . . . Haulers Reinforced . | . . . . . Active Scanning Responses . | . . . . . Cargo Convoy Interrupts . | . . . . . Stealth | -11 -10 -10 -10 -9 --------- Run | Jun Mat Min Exi Min Distress Signals 1 | . 1 . . . Communications Jammed . | . . . . . Distress Signals . | . . . . . Times Spotted 44 | . 29 12 . 3 Peak Tracking Total 4 | . 4 3 . 3 Tactical Retreats 1 | . 1 . . . Traps | -11 -10 -10 -10 -9 ------- Run | Jun Mat Min Exi Min Traps Triggered 3 | . 3 . . . Indirectly . | . . . . . Trap Hack Attempts . | . . . . . Triggered . | . . . . . Disarmed . | . . . . . Reprogrammed . | . . . . . Reused . | . . . . . Traps Extracted . | . . . . . Installed . | . . . . . Triggered . | . . . . . Machines | -11 -10 -10 -10 -9 ---------- Run | Jun Mat Min Exi Min Machines Disabled . | . . . . . Max in Single Turn . | . . . . . Machines Repaired . | . . . . . Machines Sabotaged . | . . . . . Overloaded Fab Kills . | . . . . . Hacking | -11 -10 -10 -10 -9 --------- Run | Jun Mat Min Exi Min Machines Accessed 6 | . 5 . 1 . Terminals 2 | . 2 . . . Fabricators . | . . . . . Repair Stations 1 | . 1 . . . Recycling Units 2 | . 2 . . . Scanalyzers . | . . . . . Garrison Access . | . . . . . Total Hacks 31 | . 8 . 23 . Successful 30 | . 7 . 23 . Failed 1 | . 1 . . . Catastrophic . | . . . . . Database Lockouts . | . . . . . Manual . | . . . . . Terminals 4 | . 4 . . . Fabricators . | . . . . . Repair Stations 2 | . 2 . . . Recycling Units 2 | . 2 . . . Scanalyzers . | . . . . . Garrison Access . | . . . . . Terminal Hacks 26 | . 3 . 23 . Record 25 | . 2 . 23 . Alert Level 1 | . 1 . . . Fabricator Hacks . | . . . . . Repair Station Hacks 2 | . 2 . . . Scan Component 1 | . 1 . . . Repair 1 | . 1 . . . Recycling Unit Hacks 2 | . 2 . . . Report Inventory 2 | . 2 . . . Scanalyzer . | . . . . . Garrison Access Hacks . | . . . . . Unauthorized Hacks . | . . . . . Terminals . | . . . . . Fabricators . | . . . . . Repair Stations . | . . . . . Recycling Units . | . . . . . Scanalyzers . | . . . . . Garrison Access . | . . . . . Data Cores Recovered 1 | . 1 . . . Used . | . . . . . Hacking Detections . | . . . . . Full Trace Events . | . . . . . Feedback Events . | . . . . . Feedback Blocked . | . . . . . Robot Schematics Acquired . | . . . . . Robots Built . | . . . . . Authchips . | . . . . . Time . | . . . . . Total Robot Build Rating . | . . . . . Part Schematics Acquired . | . . . . . Parts Built . | . . . . . Authchips . | . . . . . Time . | . . . . . Total Part Build Rating . | . . . . . Parts Repaired 1 | . 1 . . . Time 26 | . 26 . . . Parts Recycled . | . . . . . Recycled Matter . | . . . . . Retrieved Matter . | . . . . . Retrieved Components . | . . . . . Parts Scanalyzed . | . . . . . Part Schematics Acquired . | . . . . . Parts Damaged . | . . . . . Bothacking | -11 -10 -10 -10 -9 ------------ Run | Jun Mat Min Exi Min Used RIF Installer . | . . . . . Robots Hacked . | . . . . . Non-combat . | . . . . . Combat . | . . . . . Robot Hacks Applied . | . . . . . Relay Couplers Released . | . . . . . Fabnet Peak Effective % . | . . . . . Robots Rewired . | . . . . . Allies Hacked . | . . . . . Hacks Repelled . | . . . . . Allies | -11 -10 -10 -10 -9 -------- Run | Jun Mat Min Exi Min Total Allies . | . . . . . Largest Group . | . . . . . Highest-Rated Group . | . . . . . Highest-Rated Ally . | . . . . . Total Orders . | . . . . . Ally Attacks . | . . . . . Total Damage . | . . . . . Kills . | . . . . . Allies Corrupted . | . . . . . Allies Melted . | . . . . . Intel | -11 -10 -10 -10 -9 ------- Run | Jun Mat Min Exi Min Robot Analysis Total . | . . . . . Derelict Logs Recovered 1 | . . 1 . . Drone Launches . | . . . . . Drone Recoveries . | . . . . . Exploration | -11 -10 -10 -10 -9 ------------- Run | Jun Mat Min Exi Min Turns Passed 4980 | 60 1684 717 2511 8 Spaces Moved 1682 | 43 927 331 381 . Core 4 | 4 . . . . Treads 717 | . 714 3 . . Legs 709 | . . 328 381 . Wheels 252 | 39 213 . . . Hover . | . . . . . Flight . | . . . . . Fastest Speed 50 | 50 100 190 190 . Average Speed 269 | 98 146 190 656 . Slowest Speed 820 | 100 160 240 820 . Overloaded Moves . | . . . . . Propulsion Burnouts . | . . . . . Robots Hopped . | . . . . . Cave-ins Triggered . | . . . . . Exploration Rate (%) 47 | 3 92 63 77 3 Regions Visited 4 Branch Regions 3 Pre-discovered Areas 1 | . . . 1 . Known Exits Taken 3 | . 1 1 1 . Unknown Exits Taken 1 | 1 . . . . Scrap Searched 2 | . . 2 . . Spaces Dug . | . . . . . Terrain Destroyed 30 | . 3 27 . . Melee . | . . . . . Projectile . | . . . . . AOE 30 | . 3 27 . . Terrain Rammed . | . . . . . Walls Destroyed . | . . . . . Machines Disabled . | . . . . . Actions | -11 -10 -10 -10 -9 --------- Run | Jun Mat Min Exi Min Total 1999 | 60 1152 383 401 3 Wait 102 | . 100 2 . . Move 1678 | 42 926 330 380 . Hop . | . . . . . Pick Up 68 | 12 31 10 15 . Fast Attach . | . . . . . Attach 22 | 6 11 4 1 . Detach . | . . . . . Swap 6 | . 2 4 . . Drop 31 | . 17 9 5 . Fire 92 | . 65 24 . 3 Melee . | . . . . . Ram . | . . . . . Kick . | . . . . . Crush . | . . . . . Escape Stasis . | . . . . . Rewire . | . . . . . Trap . | . . . . . Miscellaneous . | . . . . . Route ------- -11/Junkyard -10/Materials (discovered 4 exits: *Mat x2 / *Min x2) -10/Mines (discovered 3 exits: *Mat x2 / *Exi) -10/Exiles (discovered 2 exits: *Min x2) -9/Mines History --------- Turn | Location | Event 29 | -11/Junkyard | Discovered new exit (range 15) 61 | -11/Junkyard | Entered Materials 271 | -10/Materials | Lost 3 parts (1p1n1w) 318 | -10/Materials | Build established: Mutant 625 | -10/Materials | Discovered new exit (range 10) 699 | -10/Materials | Discovered new exit (range 16) 856 | -10/Materials | Identified exit to Mines 899 | -10/Materials | Identified exit to Materials 1016 | -10/Materials | Discovered exit to Mines (range 15) 1155 | -10/Materials | Discovered exit to Materials (range 16) 1696 | -10/Materials | Repaired Lgt. Treads 1745 | -10/Materials | Entered Mines 1752 | -10/Mines | Core integrity fell below 50% 1836 | -10/Mines | Build established: Scavenger-Mutant 2168 | -10/Mines | Build established: Mutant 2172 | -10/Mines | Deemed a non-threat by the Exiles lab entrance 2172 | -10/Mines | Discovered new exit (range 5) 2178 | -10/Mines | Identified exit to Exiles 2213 | -10/Mines | Received a Rocket Launcher from a helpful Derelict 2256 | -10/Mines | Core integrity fell below 20% 2314 | -10/Mines | Discovered exit to Materials (range 6) 2331 | -10/Mines | Learned Materials terminal intel 2387 | -10/Mines | Discovered exit to Materials (range 8) 2462 | -10/Mines | Entered Exiles 2493 | -10/Exiles | Discovered new exit (range 14) 2516 | -10/Exiles | Identified exit to Mines 2548 | -10/Exiles | Build established: Scavenger-Mutant 2557 | -10/Exiles | Met 8R-AWN 2584 | -10/Exiles | Met EX-HEX 2906 | -10/Exiles | Met EX-DEC 2960 | -10/Exiles | Build established: Hauler-Mutant 3152 | -10/Exiles | Learned location of Zion (-7) 3473 | -10/Exiles | Visited The Gauntlet 4875 | -10/Exiles | Discovered exit to Mines (range 14) 4973 | -10/Exiles | Entered Mines 4981 | -9/Mines | Destroyed by S-10 Pest with Light Assault Rifle Last Messages --------------- happened. 03785_ System corrupted: Matter fused (-8). 03833_ System corrupted: Component data lost. AM-PHS: That's RA-1N3's workstation, which we keep unoccupied as a tribute. RA-1N3 was always up for doing crazy stuff, the only one brave enough to try out the Chronowheel, only to never be seen again. 04107_ System corrupted: Substantial component data lost. 04165_ X=C#WFX9GI